 Dungeon Crawl Stone Soup version 0.29-a0-555-g3b24f45cc1 (webtiles) character file.

Game seed: 10505362090742602429

112 oldriver the Grave Robber (level 4, 0/33 HPs)
             Began as a Ghoul Necromancer on June 8, 2022.
             Slain by a black bear (2 damage)
             ... on level 4 of the Dungeon.
             The game lasted 00:04:36 (4401 turns).

oldriver the Grave Robber (Ghoul Necromancer)       Turns: 4401, Time: 00:04:36

Health: 0/33       AC:  6    Str: 11    XL:     4   Next: 93%
Magic:  0/9        EV: 11    Int: 12    God:
Gold:   140        SH:  5    Dex:  9    Spells: 7/11 levels left

rFire   . . .      SeeInvis .   (no weapon)
rCold   + . .      Faith    .   e - +2 buckler
rNeg    + + +      Spirit   .   q - +0 robe
rPois   ∞          Reflect  .   (no helmet)
rElec   .          Harm     .   o - +0 cloak
rCorr   .          Rampage  .   (no gloves)
Will    +....                   s - +2 pair of boots
Stlth   ++........              (no amulet)
HPRegen 0.00/turn               i - ring of willpower
MPRegen 0.11/turn               (no ring)

@: inhibited regen
A: claws 1, cold resistance 1, negative energy resistance 3, inhibited
regeneration, torment resistance 2, devour on kill
a: no special abilities


You were on level 4 of the Dungeon.
You visited 1 branch of the dungeon, and saw 4 of its levels.

You collected 140 gold pieces.

Inventory:

Armour
 e - a +2 buckler (worn)
 o - a +0 cloak (worn)
 q - a +0 robe (worn)
 s - a +2 pair of boots (worn)
Jewellery
 i - a ring of willpower (left claw)
Scrolls
 c - a scroll of fear
 g - a scroll of noise {unknown}
 j - 3 scrolls of identify
 l - a scroll of blinking
 m - a scroll of vulnerability {unknown}
 n - a scroll of teleportation
Potions
 a - 2 potions of flight
 b - a potion of magic
 f - 3 potions of heal wounds
 h - a potion of brilliance {unknown}
 k - a potion of mutation {unknown}
 r - 3 potions of curing {unknown}


   Skills:
 - Level 2.0 Dodging
 - Level 2.1 Stealth
 + Level 0.6 Shields
 * Level 4.0 Spellcasting
 - Level 4.0 Necromancy


You had 7 spell levels left.
You knew the following spells:

 Your Spells              Type           Power      Damage    Failure   Level
a - Necrotize             Necr           48%        1d6       6%          1
b - Vampiric Draining     Necr           12%        2d6       17%         3

Your spell library contained the following spells:

 Spells                   Type           Power      Damage    Failure   Level
 Animate Dead             Necr           12%        N/A       50%         4
 Agony                    Necr           12%        N/A       85%         5
 Chain Lightning          Conj/Air       1%         3d1       100%        9
 Fire Storm               Conj/Fire      1%         7d1       100%        9
 Shatter                  Erth           1%         3d5*      100%        9


Dungeon Overview and Level Annotations

Branches:
Dungeon (4/15)
 Temple: D:4-7

Altars:


Innate Abilities, Weirdness & Mutations

You are immune to poison.
You have sharp fingernails.
Your flesh is cold resistant. (rC+)
You are immune to negative energy. (rN+++)
You do not regenerate when monsters are visible.
You are immune to unholy pain and torment.
You thrive by killing the living.


Message History

The black bear misses you.
Casting: Necrotize (safe; 6% risk of failure)
Confirm with . or Enter, or press ? or * to list all spells.
Aiming: Necrotize (safe; 6% risk of failure)
Press: ? - help, Shift-Dir - straight line, f/p - black bear
Aim: a black bear (heavily wounded, chance to affect: 67%)
The black bear writhes in agony.
The black bear closely misses you.
The black bear claws you but does no damage.
The black bear completely misses you.
Unknown command.
You scratch the black bear.
The black bear is severely wounded.
The black bear goes berserk!
You closely miss the black bear.
The black bear is severely wounded.
The black bear bites you. The black bear barely misses you.
The black bear claws you. You block the black bear's attack. x2
The black bear misses you.
You scratch the black bear but do no damage.
The black bear is severely wounded.
The black bear bites you but does no damage.
The black bear closely misses you. x2
You barely miss the black bear.
The black bear is severely wounded.
The black bear bites you. The black bear claws you.
* * * LOW HITPOINT WARNING * * *
The black bear claws you but does no damage.
You block the black bear's attack.
The black bear claws you but does no damage.
The black bear closely misses you.
Unknown command.
Casting: Necrotize (safe; 6% risk of failure)
Confirm with . or Enter, or press ? or * to list all spells.
Aiming: Necrotize (safe; 6% risk of failure)
Press: ? - help, Shift-Dir - straight line, f/p - black bear
Aim: a black bear (severely wounded, berserk, chance to affect: 67%)
The black bear writhes in agony.
The black bear bites you.
* * * LOW HITPOINT WARNING * * *
The black bear closely misses you. The black bear claws you.
You die...

.......# g...#..........
#......###.#...##.........
###......##..#....#.........
#.#.........................
.#........#........#.......##
..........#......#.#....##...
..........#...[..#.#.#..###..
.........###.^.......#....#.#
...........h@..............##
#.........###..###...####....
.##........#...##.....###....
...........#....#............
..#>...............##.###....
.##..####.##.##.##.....##..###...
......###.#####.#..##.###...##...
................#.##..#........#.
...................#......######.


You could see a black bear (berserk).

Vanquished Creatures
  A hound (D:4)
  3 worms
  A dart slug (D:3)
  2 orcs
  6 bats
  8 endoplasms
  A giant cockroach (D:1)
  7 goblins
  3 hobgoblins
  2 jackals (D:1)
  7 kobolds
  4 quokkas
  5 ball pythons
  A frilled lizard (D:1)
  5 rats
56 creatures vanquished.

Vanquished Creatures (collateral kills)
  A dart slug (D:4)
  An orc (D:4)
  A goblin (D:2)
  A hobgoblin (D:2)
  A kobold (D:4)
  A rat (D:2)
6 creatures vanquished.

Grand Total: 62 creatures vanquished

Notes
Turn   | Place    | Note
-------+----------+-------------------------------------------
     0 | D:1      | oldriver the Ghoul Necromancer began the quest for the Orb.
     0 | D:1      | Reached XP level 1. HP: 14/14 MP: 2/2
   333 | D:1      | Reached XP level 2. HP: 20/20 MP: 0/4
   938 | D:1      | Found a faded altar of an unknown god.
  1301 | D:1      | Reached XP level 3. HP: 26/26 MP: 1/6
  2548 | D:2      | Learned a level 3 spell: Vampiric Draining
  3507 | D:3      | Reached XP level 4. HP: 33/33 MP: 1/8
  4182 | D:4      | Noticed a black bear
  4261 | D:4      | Noticed a black bear
  4401 | D:4      | Slain by a black bear

Illustrated notes

Levels and vault maps discovered:
D:1:      lightli_arrival_chessboard, layout_basic, basic_ecumenical_altar,
          chequers_serial_rivers_marsh
D:2:      layout_basic
D:3:      layout_loops_ring
D:4:      layout_cave_pools

Skill      XL: |  1  2  3  4 |
---------------+-------------+-----
Spellcasting   | 2 3 4 |  4.0
Dodging        | 2 |  2.0
Stealth        | |  2.1
Shields        | |  0.6
Necromancy     | |  4.0

Action                   |  1- 3 |  4- 6 || total
-------------------------+-------+-------++-------
Melee: Unarmed           |    56 |    38 ||    94
       Punch             |     1 |       ||     1
 Cast: Necrotize         |   105 |    45 ||   150
       Vampiric Draining |       |     1 ||     1
  Use: Scroll            |     9 |       ||     9
       Potion            |       |     2 ||     2
Armor: Robe              |    20 |    26 ||    46
Dodge: Dodged            |    53 |    31 ||    84
Block: Buckler           |    21 |    15 ||    36

Table legend: (Time is in decaauts)
 A = Elapsed time spent in this place.
 B = Non-inter-level travel time spent in this place.
 C = Inter-level travel time spent in this place.
 D = Time resting spent in this place.
 E = Time spent auto-exploring this place.
 F = Levels seen in this place.
 G = Mean time per level.
                   A        B        C        D        E       F      G
               +--------+--------+--------+--------+--------+-----+--------+
         Total |   4406 |   4225 |    181 |    492 |   3086 |   4 | 1101.5 |
       Dungeon |   4406 |   4225 |    181 |    492 |   3086 |   4 | 1101.5 |
               +--------+--------+--------+--------+--------+-----+--------+

Top non-repeatable levels by time:
     D:2: 1460 daAuts
     D:1: 1366 daAuts
     D:3: 1033 daAuts
     D:4: 545 daAuts
